 Dungeon Crawl Stone Soup version 0.32-a0-933-ga8fa3634e4 (webtiles) character file.

Game seed: 13376914283824179694

24 tilp the Vexing (level 2, -3/19 (20) HPs)
             Began as a Vampire Enchanter on Apr 14, 2024.
             Slain by a gnoll
             ... wielding a +2 flail of draining
              (10 damage)
             ... on level 2 of the Dungeon.
             The game lasted 00:00:55 (806 turns).

tilp the Vexing (Vampire Enchanter)                  Turns: 806, Time: 00:00:55

HP:   -3/19 (20)    AC:  4    Str:  7    XL:     2   Next: 79%
MP:   3/5           EV: 10    Int: 17    God:
Gold: 49            SH:  0    Dex: 14    Spells: 3/5 levels left

rFire   . . .        a - +1 dagger
rCold   . . .        (no shield)
rNeg    . . .        f - +0 leather armour
rPois   .            (no helmet)
rElec   .            k - +0 cloak
rCorr   .            (no gloves)
SInv    +            (no boots)
Will    .....        (no amulet)
Stlth   +++          (no ring)
HPRegen 0.43/turn    (no ring)
MPRegen 0.09/turn

%: no passive effects
@: healing quickly, drained
A: alive, fangs 3, see invisible, vampiric 1
a: Exsanguinate


You were on level 2 of the Dungeon.
You visited 1 branch of the dungeon, and saw 2 of its levels.

You collected 49 gold pieces.

Inventory:

Hand Weapons
 a - a +1 dagger (weapon)
Missiles
 h - 4 javelins (quivered)
Armour
 f - a +0 leather armour (worn)
 k - a +0 cloak (worn)
Scrolls
 d - a scroll of silence {unknown}
 e - a scroll of amnesia {unknown}
 g - a scroll of noise {unknown}
 i - a scroll of poison {unknown}
 j - a scroll of enchant weapon {unknown}
 l - a scroll of vulnerability {unknown}
Potions
 b - a potion of heal wounds {unknown}
 c - 2 potions of invisibility


   Skills:
 * Level 0.8 Fighting
 + Level 1.4(1.6) Short Blades
 * Level 0.9(1.2) Long Blades
 + Level 2.3 Dodging
 + Level 4.6 Stealth
 + Level 2.1 Spellcasting
 * Level 4.7 Hexes


You had 3 spell levels left.
You knew the following spells:

 Your Spells              Type           Power      Damage    Failure   Level
a - Ensorcelled Hibernat  Hex/Ice        18%        N/A       17%         2

Your spell library contained the following spells:

 Spells                   Type           Power      Damage    Failure   Level
 Confusing Touch          Hex            17%        N/A       12%         3
 Tukima's Dance           Hex            17%        N/A       12%         3
 Dazzling Flash           Conj/Hex       18%        N/A       32%         3


Dungeon Overview and Level Annotations

Branches:
Dungeon (2/15)

Altars:


Innate Abilities, Weirdness & Mutations

Your natural rate of healing is accelerated.
You have razor-sharp teeth.
You have supernaturally acute eyesight. (SInv)
You are afflicted with vampirism.


Message History

There is a large open door here.
Done exploring.
Done exploring.
Okay, then.
There is a stone staircase leading down here.
You climb downwards.
Found 16 gold pieces, a pink potion and a club.
Found an escape hatch in the ceiling.
There is a stone staircase leading up here.
A gnoll is nearby!
A gnoll comes into view. It is wielding a +2 flail of draining.
A gnoll comes into view. It is wielding a +0 club.
A kobold comes into view. It is wielding a +0 short sword.
The helpless gnoll fails to defend itself.
You impale the gnoll!!
You kill the gnoll!
The gnoll shouts!
Unknown command.
There is a stone staircase leading up here.
Casting: Ensorcelled Hibernation (safe; 17% risk of failure)
Confirm with . or Enter, or press ? or * to list all spells.
Aiming: Ensorcelled Hibernation (safe; 17% risk of failure)
Press: ? - help, Shift-Dir - straight line, f - gnoll
Aim: a gnoll, wielding a +2 flail of draining (chance to affect: 51%)
The gnoll looks drowsy...
A gnoll comes into view. It is wielding a +0 club.
Unknown command.
The gnoll shouts!
You hear a shout! x2
The gnoll hits you with a +2 flail of draining!
Ouch! That really hurt!
* * * LOW HITPOINT WARNING * * *
You feel drained.
You hit the gnoll but do no damage. Your bite misses the gnoll.
A kobold comes into view. It is wielding a +0 dagger.
Unknown command.
There is a stone staircase leading up here.
Unknown command.
The gnoll hits you with a +2 flail of draining!
Ouch! That really hurt!
You die...

###.....##
.........
#........
#....... #.....#
###.....##
.......$.##
.K.....@..#######
.......g.!#......
...)..gg..<......
..........#......
........#.# #####
..#....##)# .
#.### ..# ...
..#. ## #.# #


You could see 3 gnolls and a kobold.

Vanquished Creatures
  A gnoll (D:2)
  4 bats (D:1)
  2 giant cockroaches (D:1)
  2 goblins (D:1)
  A quokka (D:1)
  A kobold (D:1)
  2 rats (D:1)
13 creatures vanquished.

Notes
Turn   | Place    | Note
-------+----------+-------------------------------------------
     0 | D:1      | tilp the Vampire Enchanter began the quest for the Orb.
     0 | D:1      | Reached XP level 1. HP: 13/13 MP: 3/3
    42 | D:1      | Found a faded altar of an unknown god.
   134 | D:1      | Reached XP level 2. HP: 18/20 MP: 5/5
   145 | D:1      | Learned a level 2 spell: Ensorcelled Hibernation
   806 | D:2      | Slain by a gnoll

Illustrated notes

Levels and vault maps discovered:
D:1:      dpeg_arrival_pond, layout_basic, ebering_ecumenical_altar_box
D:2:      layout_loops_cross, serial_shops, nicolae_shop_stone,
          nicolae_half_adder

Action                     || total
---------------------------++-------
  Melee: Dagger            ||    37
         Bite              ||     1
   Cast: Ensorcelled Hiber ||     1
   Stab: Sleeping          ||     4
 Armour: Leather armour    ||    25
         Robe              ||     1
  Dodge: Dodged            ||    21

Table legend: (Time is in decaauts)
 A = Elapsed time spent in this place.
 B = Non-inter-level travel time spent in this place.
 C = Inter-level travel time spent in this place.
 D = Time resting spent in this place.
 E = Time spent auto-exploring this place.
 F = Levels seen in this place.
 G = Mean time per level.
                   A        B        C        D        E       F      G
               +--------+--------+--------+--------+--------+-----+--------+
         Total |    803 |    769 |     34 |      0 |    631 |   2 |  401.5 |
       Dungeon |    803 |    769 |     34 |      0 |    631 |   2 |  401.5 |
               +--------+--------+--------+--------+--------+-----+--------+

Top non-repeatable levels by time:
     D:1: 789 daAuts
     D:2: 13 daAuts
